PCL
REDWOOD CITY REDWOODS @ SAN JOSE MISSIONS
05/12/2023
 
TOP OF THE 1ST
Redwood City Redwoods batting - Pitching for San Jose Missions : LHP Ron Seccombe
Pitching: LHP Ron Seccombe
Batting: RHB Dan Martin 0-0: Swinging Strike
0-1: DOUBLE (Groundball, 5L)
Batting: LHB Vincente Sáenz 0-0: Fly out, F5 (Popup, 6)
Batting: LHB Nicholas Alston 0-0: Ground out 5-3 (Groundball, 56S)
Dan Martin to third
Batting: RHB Daryl Floyd 0-0: Ball
1-0: SINGLE (Line Drive, 4M)
Dan Martin scores
Batting: SHB Marvin Harris 0-0: Called Strike
0-1: SINGLE (Groundball, 6M)
Daryl Floyd to second
Runner from 2nd tries for 3rd, SAFE, no throw or cutoff
Batting: LHB Tony Warrilow 0-0: Called Strike
0-1: Ball
1-1: Ball
2-1: Fly out, F7 (Flyball, 7LM)
Top of the 1st over - 1 run(s), 3 hit(s), 0 error(s), 2 left on base; Redwood City 1 - San Jose 0
BOTTOM OF THE 1ST
San Jose Missions batting - Pitching for Redwood City Redwoods : LHP Vic Watts
Pitching: LHP Vic Watts
Batting: LHB Miguel Montés 0-0: Called Strike
0-1: Swinging Strike
0-2: Strikes out swinging
Batting: RHB Goro Tanabe 0-0: Ball
1-0: Swinging Strike
1-1: Called Strike
1-2: Ball
2-2: Foul Ball, location: 2F
2-2: Strikes out looking
Batting: RHB Ed Starr 0-0: Ball
1-0: Ground out 6-3 (Groundball, 6)
Bottom of the 1st over - 0 run(s), 0 hit(s), 0 error(s), 0 left on base; Redwood City 1 - San Jose 0
TOP OF THE 2ND
Redwood City Redwoods batting - Pitching for San Jose Missions : LHP Ron Seccombe
Batting: RHB Yasuhiko Sumita 0-0: Ball
1-0: Ground out 6-3 (Groundball, 6M)
Batting: LHB Paul Alexander 0-0: Ball
1-0: Ball
2-0: Foul Ball, location: 2F
2-1: SINGLE (Line Drive, 89S)
Batting: LHB Ken Miller 0-0: Ball
1-0: Swinging Strike
1-1: Called Strike
1-2: Strikes out swinging
Batting: RHB Dan Martin 0-0: Called Strike
0-1: DOUBLE (Groundball, 5L)
Paul Alexander to third
Batting: LHB Vincente Sáenz 0-0: Ball
1-0: Ball
2-0: Ball
3-0: Called Strike
3-1: Base on Balls
Batting: LHB Nicholas Alston 0-0: Called Strike
0-1: Ground out 4-3 (Groundball, 4)
Top of the 2nd over - 0 run(s), 2 hit(s), 0 error(s), 3 left on base; Redwood City 1 - San Jose 0
BOTTOM OF THE 2ND
San Jose Missions batting - Pitching for Redwood City Redwoods : LHP Vic Watts
Batting: RHB Chang-geun Kim 0-0: Ball
1-0: Ball
2-0: Ball
3-0: Ground out 5-3 (Groundball, 56)
Batting: LHB Raúl García 0-0: Ground out 4-3 (Groundball, 34)
Batting: LHB Mel Jones 0-0: Swinging Strike
0-1: Foul Ball, location: 2F
0-2: SINGLE (Flyball, 8LS)
Batting: RHB Mike Gordon 0-0: Ball
1-0: Swinging Strike
1-1: Ball
2-1: Swinging Strike
2-2: Ball
3-2: Base on Balls
Mel Jones to second
Batting: RHB Cal Keys 0-0: Ball
1-0: Fly out, F8 (Line Drive, 8RM)
Bottom of the 2nd over - 0 run(s), 1 hit(s), 0 error(s), 2 left on base; Redwood City 1 - San Jose 0
TOP OF THE 3RD
Redwood City Redwoods batting - Pitching for San Jose Missions : LHP Ron Seccombe
Batting: RHB Daryl Floyd 0-0: Ball
1-0: Ball
2-0: Fly out, F3 (Popup, 3L)
Batting: SHB Marvin Harris 0-0: Swinging Strike
0-1: Ball
1-1: Swinging Strike
1-2: Foul Ball, location: 2F
1-2: Ball
2-2: Foul Ball, location: 2F
2-2: Strikes out looking
Batting: LHB Tony Warrilow 0-0: Called Strike
0-1: Ball
1-1: Called Strike
1-2: Strikes out swinging
Top of the 3rd over - 0 run(s), 0 hit(s), 0 error(s), 0 left on base; Redwood City 1 - San Jose 0
BOTTOM OF THE 3RD
San Jose Missions batting - Pitching for Redwood City Redwoods : LHP Vic Watts
Batting: RHB Josh Powell 0-0: Ball
1-0: Fly out, F7 (Flyball, 7M)
Batting: LHB Miguel Montés 0-0: Ground out 4-3 (Groundball, 4)
Batting: RHB Goro Tanabe 0-0: Ball
1-0: Called Strike
1-1: Ball
2-1: Foul Ball, location: 2F
2-2: Fly out, F8 (Flyball, 8RM)
Bottom of the 3rd over - 0 run(s), 0 hit(s), 0 error(s), 0 left on base; Redwood City 1 - San Jose 0
TOP OF THE 4TH
Redwood City Redwoods batting - Pitching for San Jose Missions : LHP Ron Seccombe
Batting: RHB Yasuhiko Sumita 0-0: Ball
1-0: Called Strike
1-1: Foul Ball, location: 2F
1-2: Foul Ball, location: 2F
1-2: Foul Ball, location: 2F
1-2: Ball
2-2: Ground out 4-3 (Groundball, 4M)
Batting: LHB Paul Alexander 0-0: Called Strike
0-1: Foul Ball, location: 2F
0-2: Ball
1-2: Ball
2-2: Strikes out swinging
Batting: LHB Ken Miller 0-0: Called Strike
0-1: Ball
1-1: Called Strike
1-2: Ball
2-2: Strikes out swinging
Top of the 4th over - 0 run(s), 0 hit(s), 0 error(s), 0 left on base; Redwood City 1 - San Jose 0
BOTTOM OF THE 4TH
San Jose Missions batting - Pitching for Redwood City Redwoods : LHP Vic Watts
Batting: RHB Ed Starr 0-0: Called Strike
0-1: Ball
1-1: Ball
2-1: Foul Ball, location: 2F
2-2: Ball
3-2: Ground out 3-1 (Groundball, 34)
Batting: RHB Chang-geun Kim 0-0: Foul Ball, location: 2F
0-1: Ball
1-1: Foul Ball, location: 2F
1-2: Foul Ball, location: 2F
1-2: Foul Ball, location: 2F
1-2: Foul Ball, location: 2F
1-2: Foul Ball, location: 2F
1-2: Ball
2-2: Strikes out swinging
Batting: LHB Raúl García 0-0: Swinging Strike
0-1: Swinging Strike
0-2: Foul Ball, location: 2F
0-2: Ball
1-2: Strikes out swinging
Bottom of the 4th over - 0 run(s), 0 hit(s), 0 error(s), 0 left on base; Redwood City 1 - San Jose 0
TOP OF THE 5TH
Redwood City Redwoods batting - Pitching for San Jose Missions : LHP Ron Seccombe
Batting: RHB Dan Martin 0-0: DOUBLE (Groundball, 5L)
Batting: LHB Vincente Sáenz 0-0: Swinging Strike
0-1: Ball
1-1: Ball
2-1: Fly out, F7 (Flyball, 7S)
Batting: LHB Nicholas Alston 0-0: Ball
1-0: Foul Ball, location: 2F
1-1: Ball
2-1: Fly out, F8 (Flyball, 8RD)
Runner from 2nd tags up, SAFE at 3rd, no throw
Batting: RHB Daryl Floyd 0-0: Ball
1-0: Foul Ball, location: 2F
1-1: Ball
2-1: Ball
3-1: Foul Ball, location: 2F
3-2: Foul Ball, location: 2F
3-2: Fly out, F2 (Popup, 2L)
Top of the 5th over - 0 run(s), 1 hit(s), 0 error(s), 1 left on base; Redwood City 1 - San Jose 0
BOTTOM OF THE 5TH
San Jose Missions batting - Pitching for Redwood City Redwoods : LHP Vic Watts
Batting: LHB Mel Jones 0-0: Called Strike
0-1: Called Strike
0-2: Strikes out looking
Batting: RHB Mike Gordon 0-0: Ball
1-0: Called Strike
1-1: Ball
2-1: Foul Ball, location: 2F
2-2: Foul Ball, location: 2F
2-2: Strikes out swinging
Batting: RHB Cal Keys 0-0: Ball
1-0: Ball
2-0: Ball
3-0: Called Strike
3-1: Base on Balls
Batting: RHB Josh Powell 0-0: Called Strike
0-1: Ball
1-1: Ball
2-1: Foul Ball, location: 2F
2-2: Ground out 4-3 (Groundball, 4)
Bottom of the 5th over - 0 run(s), 0 hit(s), 0 error(s), 1 left on base; Redwood City 1 - San Jose 0
TOP OF THE 6TH
Redwood City Redwoods batting - Pitching for San Jose Missions : LHP Ron Seccombe
Batting: SHB Marvin Harris 0-0: Foul Ball, location: 2F
0-1: Foul Ball, location: 2F
0-2: Ball
1-2: Ground out 6-3 (Groundball, 6)
Batting: LHB Tony Warrilow 0-0: Ball
1-0: Ball
2-0: Ground out U3 (Groundball, 3L)
Batting: RHB Yasuhiko Sumita 0-0: Foul Ball, location: 2F
0-1: Swinging Strike
0-2: Strikes out looking
Top of the 6th over - 0 run(s), 0 hit(s), 0 error(s), 0 left on base; Redwood City 1 - San Jose 0
BOTTOM OF THE 6TH
San Jose Missions batting - Pitching for Redwood City Redwoods : LHP Vic Watts
Batting: LHB Miguel Montés 0-0: Swinging Strike
0-1: Bunted foul
0-2: Ball
1-2: Foul Ball, location: 2F
1-2: Ball
2-2: Foul Ball, location: 2F
2-2: Fly out, F7 (Flyball, 7D)
Batting: RHB Goro Tanabe 0-0: Fly out, F8 (Flyball, 8LM)
Batting: RHB Ed Starr 0-0: Foul Ball, location: 2F
0-1: Ball
1-1: Ball
2-1: Fly out, F7 (Flyball, 7LSF)
Bottom of the 6th over - 0 run(s), 0 hit(s), 0 error(s), 0 left on base; Redwood City 1 - San Jose 0
TOP OF THE 7TH
Redwood City Redwoods batting - Pitching for San Jose Missions : LHP Ron Seccombe
Batting: LHB Paul Alexander 0-0: Ball
1-0: Foul Ball, location: 2F
1-1: Foul Ball, location: 2F
1-2: Ball
2-2: Ball
3-2: Foul Ball, location: 2F
3-2: Fly out, F5 (Popup, 56S)
Batting: LHB Ken Miller 0-0: Foul Ball, location: 2F
0-1: Ground out 4-3 (Groundball, 4)
Batting: RHB Dan Martin 0-0: Called Strike
0-1: Swinging Strike
0-2: Strikes out swinging
Top of the 7th over - 0 run(s), 0 hit(s), 0 error(s), 0 left on base; Redwood City 1 - San Jose 0
BOTTOM OF THE 7TH
San Jose Missions batting - Pitching for Redwood City Redwoods : LHP Vic Watts
Batting: RHB Chang-geun Kim 0-0: Ball
1-0: Foul Ball, location: 2F
1-1: Fly out, F8 (Flyball, 8RD)
Batting: LHB Raúl García 0-0: Ball
1-0: Fly out, F9 (Flyball, 89D)
Batting: LHB Mel Jones 0-0: Called Strike
0-1: Foul Ball, location: 2F
0-2: Ball
1-2: Ball
2-2: Ball
3-2: Foul Ball, location: 2F
3-2: Foul Ball, location: 2F
3-2: Strikes out looking
Bottom of the 7th over - 0 run(s), 0 hit(s), 0 error(s), 0 left on base; Redwood City 1 - San Jose 0
TOP OF THE 8TH
Redwood City Redwoods batting - Pitching for San Jose Missions : LHP Ron Seccombe
Pitching: LHP Vanni Frangilli
Batting: LHB Vincente Sáenz 0-0: Called Strike
0-1: Ball
1-1: Fly out, F9 (Flyball, 89M)
Batting: LHB Nicholas Alston 0-0: Ball
1-0: Called Strike
1-1: Swinging Strike
1-2: Strikes out looking
Batting: RHB Daryl Floyd 0-0: Ball
1-0: Ball
2-0: Called Strike
2-1: Foul Ball, location: 2F
2-2: Ball
3-2: Strikes out swinging
Top of the 8th over - 0 run(s), 0 hit(s), 0 error(s), 0 left on base; Redwood City 1 - San Jose 0
BOTTOM OF THE 8TH
San Jose Missions batting - Pitching for Redwood City Redwoods : LHP Vic Watts
Batting: RHB Mike Gordon 0-0: Ground out 6-3 (Groundball, 6M)
Pitching: RHP Ron Williams
Batting: RHB Cal Keys 0-0: Called Strike
0-1: Ball
1-1: Foul Ball, location: 2F
1-2: Reached on error, E5 (Groundball, 56)
Pitching: LHP Fernando Alvarado
Batting: RHB Josh Powell 0-0: Called Strike
0-1: Foul Ball, location: 2F
0-2: Strikes out looking
Pinch Hitting: RHB Joe Broadhead 0-0: Called Strike
0-1: Ball
1-1: SINGLE (Line Drive, 6MD)
Cal Keys to second
Runner from 2nd tries for 3rd, OUT!
Bottom of the 8th over - 0 run(s), 1 hit(s), 1 error(s), 1 left on base; Redwood City 1 - San Jose 0
TOP OF THE 9TH
Redwood City Redwoods batting - Pitching for San Jose Missions : LHP Vanni Frangilli
Now in LF: John Brady
Batting: SHB Marvin Harris 0-0: Called Strike
0-1: Ball
1-1: Ball
2-1: SINGLE (Groundball, 4MD)
Batting: LHB Tony Warrilow Pickoff Throw to First - Out!
0-0: Called Strike
0-1: Ball
1-1: Fly out, F7 (Flyball, 7M)
Batting: RHB Yasuhiko Sumita 0-0: Ground out U3 (Groundball, 3)
Top of the 9th over - 0 run(s), 1 hit(s), 0 error(s), 0 left on base; Redwood City 1 - San Jose 0
BOTTOM OF THE 9TH
San Jose Missions batting - Pitching for Redwood City Redwoods : LHP Fernando Alvarado
Pitching: RHP Joe Watts
Pinch Hitting: LHB Michael Johnson 0-0: Fly out, F7 (Flyball, 78D)
Batting: RHB Ed Starr 0-0: Ball
1-0: Foul Ball, location: 2F
1-1: Ball
2-1: Foul Ball, location: 2F
2-2: Ground out 5-3 (Groundball, 5S)
Batting: RHB Chang-geun Kim 0-0: Called Strike
0-1: Foul Ball, location: 2F
0-2: TRIPLE (Flyball, 78XD)
Pinch Runner at 3rd José Martínez:
Batting: LHB Raúl García 0-0: Ball
1-0: Called Strike
1-1: Ball
2-1: Fly out, F5 (Line Drive, 5S)
Bottom of the 9th over - 0 run(s), 1 hit(s), 0 error(s), 1 left on base; Redwood City 1 - San Jose 0
This league is powered by Out of the Park Baseball, the baseball management simulation game for PC, Mac and Linux
Wednesday, December 2nd, 2015 - OOTP Baseball 16.8 Build 38